 Dungeon Crawl Stone Soup version 0.28.0-62-gf88900778d (webtiles) character file.

Game seed: 16402796444999028908

25 Froggeryz the Cutter (level 3, 0/26 HPs)
             Began as an Octopode Berserker on Sept 16, 2023.
             Was a Follower of Trog.
             Slain by Ijyb
             ... wielding a +0 dagger
              (5 damage)
             ... on level 2 of the Dungeon.
             The game lasted 00:01:22 (1236 turns).

Froggeryz the Cutter (Octopode Berserker)           Turns: 1236, Time: 00:01:23

Health: 0/26       AC:  1    Str: 16    XL:     3   Next: 4%
Magic:  3/3        EV: 13    Int:  9    God:    Trog [*.....]
Gold:   17         SH:  0    Dex: 13    Spells: 2/2 levels left

rFire   . . .      SeeInvis .   a - +0 short sword
rCold   . . .      Faith    .   (no shield)
rNeg    . . .      Spirit   .   (helmet restricted)
rPois   .          Reflect  .   (no amulet)
rElec   .          Harm     .   (no ring)
rCorr   .          Rampage  .   (no ring)
Will    .....                   (no ring)
Stlth   ++........              (no ring)
HPRegen 0.08/turn               (no ring)
MPRegen 0.08/turn               (no ring)
                                (no ring)
                                (no ring)

@: no status effects
A: almost no armour, amphibious, 8 rings, camouflage 1, gelatinous body 1,
(nimble swimmer 1), tentacles
a: Renounce Religion, Berserk


You were on level 2 of the Dungeon.
You worshipped Trog.
Trog was aware of your devotion.
You visited 1 branch of the dungeon, and saw 2 of its levels.

You collected 17 gold pieces.

Inventory:

Hand Weapons
 a - a +0 short sword (weapon)
Missiles
 g - 2 javelins (quivered)
Jewellery
 f - a ring of magical power
Potions
 b - a potion of haste {unknown}
 e - a potion of degeneration {unknown}


   Skills:
 + Level 3.3 Fighting
 * Level 3.8 Short Blades
 - Level 3.0 Dodging


You had 2 spell levels left.
You didn't know any spells.
Your spell library was empty.

Dungeon Overview and Level Annotations

Branches:
Dungeon (2/15)

Altars:

Annotations:
D:2 Ijyb


Innate Abilities, Weirdness & Mutations

You cannot wear most types of armour.
You are amphibious.
You can wear up to eight rings at the same time.
Your skin changes colour to match your surroundings (Stealth+).
Your rubbery body absorbs attacks. (AC +1, EV +1)
((You are camouflaged when in or above water. (Stealth+)))
You have tentacles for arms and can constrict up to eight enemies at once.


Message History

Trog accepts your kill.
You have reached level 3!
Your experience leads to an increase in your attributes!
Increase (S)trength, (I)ntelligence, or (D)exterity?
You feel agile. x2
You hit the goblin.
You kill the goblin!
Trog accepts your kill.
No target in view!
Press: ? - help, v - describe, . - travel
Here: Ijyb, wielding a +0 dagger, wearing a +0 leather armour and carrying a wand of iceblast (11)
The floor.
Unknown command.
Unknown command.
Ijyb hits you with a +0 dagger.
Things that are here:
a +0 dagger; a giant cockroach corpse You hit Ijyb.
Your grab misses Ijyb.
Ijyb is lightly wounded.
Ijyb hits you with a +0 dagger.
You hit Ijyb but do no damage. Your grab misses Ijyb. You squeeze Ijyb.
Ijyb is moderately wounded.
Ijyb hits you with a +0 dagger.
You hit Ijyb but do no damage. Your grab misses Ijyb.
Ijyb is moderately wounded.
Ijyb hits you but does no damage.
You barely miss Ijyb. You grab Ijyb.
Ijyb is moderately wounded.
You constrict Ijyb. Ijyb hits you with a +0 dagger.
You hit Ijyb.
Ijyb is moderately wounded.
You constrict Ijyb. Ijyb hits you with a +0 dagger.
You hit Ijyb.
Ijyb is heavily wounded.
You constrict Ijyb. Ijyb hits you with a +0 dagger.
* * * LOW HITPOINT WARNING * * *
You hit Ijyb but do no damage.
Ijyb is severely wounded.
You constrict Ijyb. Ijyb hits you with a +0 dagger.
You die...

#.......# ######
#.......# #
#####.......# #.
...........# ###.#######
##.........##...........
...............#....g..
#.†).....#..###..g###
#..g......#.#.##.8g8
#..@##...###....gg).
####.......####.g.g.
#.........># #.....
#.##.......# #.....
#.####...### #..... #.#
...# #..8.8 #.# ####
###### #.# #.#


You could see Ijyb.

Vanquished Creatures
  2 dart slugs
  2 giant cockroaches (D:2)
  3 goblins (D:2)
  3 hobgoblins
  A quokka (D:1)
  A bat (D:1)
  2 frilled lizards (D:2)
  7 rats
21 creatures vanquished.

Notes
Turn   | Place    | Note
-------+----------+-------------------------------------------
     0 | D:1      | Froggeryz the Octopode Berserker began the quest for the
                  | Orb.
     0 | D:1      | Reached XP level 1. HP: 16/16 MP: 1/1
   320 | D:1      | Reached XP level 2. HP: 21/21 MP: 2/2
   634 | D:2      | Noticed Ijyb
   641 | D:2      | HP: 1/21 [poisoned by a goblin]
   652 | D:2      | HP: 1/21 [poisoned by a goblin]
   840 | D:2      | HP: 1/21 [frilled lizard (2)]
  1227 | D:2      | Reached XP level 3. HP: 24/26 MP: 3/3
  1236 | D:2      | Slain by Ijyb

Illustrated notes

Levels and vault maps discovered:
D:1:      lemuel_arrival_broad_hall, layout_rooms
D:2:      kennysheep_the_goblin_king, layout_loops_ring,
          kennysheep_generic_room_6

Action                   || total
-------------------------++-------
Melee: Short sword       ||    42
       Constrict         ||    13
       Tentacles         ||     5
  Use: Scroll            ||     2
       Potion            ||     1
 Stab: Sleeping          ||     1
Armor: Skin              ||     3
Dodge: Dodged            ||    19
